Workbook
Name f_1: #REF!
Name F_10: #REF!
Name F_10: #REF!
Name F_105: #REF!
Name F_105: #REF!
Name F_107: #REF!
Name F_107: #REF!
Name F_11: #REF!
Name F_11: #REF!
Name F_112: #REF!
Name F_112: #REF!
Name F_113: #REF!
Name F_113: #REF!
Name F_117: #REF!
Name F_117: #REF!
Name F_12: #REF!
Name F_12: #REF!
Name F_120: #REF!
Name F_120: #REF!
Name F_122: #REF!
Name F_122: #REF!
Name F_127: #REF!
Name F_127: #REF!
Name F_13: #REF!
Name F_13: #REF!
Name F_14: #REF!
Name F_14: #REF!
Name F_140: #REF!
Name F_140: #REF!
Name F_15: #REF!
Name F_15: #REF!
Name F_150: #REF!
Name F_150: #REF!
Name F_16: #REF!
Name F_16: #REF!
Name F_160: #REF!
Name F_160: #REF!
Name F_17: #REF!
Name F_17: #REF!
Name F_185: #REF!
Name F_185: #REF!
Name F_2: #REF!
Name F_2: #REF!
Name F_205: #REF!
Name F_205: #REF!
Name F_215: #REF!
Name F_215: #REF!
Name F_245: #REF!
Name F_245: #REF!
Name F_250: #REF!
Name F_250: #REF!
Name F_255: #REF!
Name F_255: #REF!
Name F_260: #REF!
Name F_260: #REF!
Name F_270: #REF!
Name F_270: #REF!
Name F_285: #REF!
Name F_285: #REF!
Name F_29: #REF!

Sheet Identificação
A1: IDENTIFICAÇÃO
A2: Modalidade* | B2: Concorrência Lei 14.133/21 Eletrônica | D2: N° * | F2: Ano * | G2: 2026
A3: Descrição do Objeto | B3: Contratação de empresa para elaboração de projeto executivo de exaustão mecânica para as cozinhas das EMEIs e EMEFs
A4: Órgão | B4: Município de Montenegro | F4: CNPJ *
A5: Tipo de Objeto* | B5: Obras e Serviços de Engenharia | C5: N° CENTRAL DE COMPRAS
A6: Preço Total Estimado | B6: ='Orçamento-base'!C6 -> 23662.01
A7: Preço Total Proposto | B7: =Proposta!C6 -> 0
A8: Qtd. Itens Orçamento | B8: =COUNT('Orçamento-base'!B12:B39562) -> 1
A9: Atenção! Para incluir mais de 50 lotes, selecione as células A62 a G62 e arraste as fórmulas para baixo, de acordo com o número de lotes necessário.
A10: *Campos de preenchimento obrigatório | C10: **Campos de preenchimento obrigatório para licitação composta por lotes
A11: Nº do lote** | B11: Descrição do Lote** | C11: Estimativa | G11: Proposta
C12: Valor do lote (R$) | G12: Valor do lote (R$)
A13: 1 | B13: Contratação de empresa para elaboração de projeto executivo de exaustão mecânica para as cozinhas das EMEIs e EMEFs | C13: =SUMIF('Orçamento-base'!$A$12:$A$39564,Identificação!$A13,'Orçamento-base'!$K$12:$K$39564) -> 23662.01 | G13: =SUMIF(Proposta!$A$12:$A$39571,Identificação!$A13,Proposta!$H$12:$H$39571) -> 0
C14: =SUMIF('Orçamento-base'!$A$12:$A$39564,Identificação!$A14,'Orçamento-base'!$K$12:$K$39564) -> 0 | G14: =SUMIF(Proposta!$A$12:$A$39571,Identificação!$A14,Proposta!$H$12:$H$39571) -> 0
C15: =SUMIF('Orçamento-base'!$A$12:$A$39564,Identificação!$A15,'Orçamento-base'!$K$12:$K$39564) -> 0 | G15: =SUMIF(Proposta!$A$12:$A$39571,Identificação!$A15,Proposta!$H$12:$H$39571) -> 0
C16: =SUMIF('Orçamento-base'!$A$12:$A$39564,Identificação!$A16,'Orçamento-base'!$K$12:$K$39564) -> 0 | G16: =SUMIF(Proposta!$A$12:$A$39571,Identificação!$A16,Proposta!$H$12:$H$39571) -> 0
C17: =SUMIF('Orçamento-base'!$A$12:$A$39564,Identificação!$A17,'Orçamento-base'!$K$12:$K$39564) -> 0 | G17: =SUMIF(Proposta!$A$12:$A$39571,Identificação!$A17,Proposta!$H$12:$H$39571) -> 0
C18: =SUMIF('Orçamento-base'!$A$12:$A$39564,Identificação!$A18,'Orçamento-base'!$K$12:$K$39564) -> 0 | G18: =SUMIF(Proposta!$A$12:$A$39571,Identificação!$A18,Proposta!$H$12:$H$39571) -> 0
C19: =SUMIF('Orçamento-base'!$A$12:$A$39564,Identificação!$A19,'Orçamento-base'!$K$12:$K$39564) -> 0 | G19: =SUMIF(Proposta!$A$12:$A$39571,Identificação!$A19,Proposta!$H$12:$H$39571) -> 0
C20: =SUMIF('Orçamento-base'!$A$12:$A$39564,Identificação!$A20,'Orçamento-base'!$K$12:$K$39564) -> 0 | G20: =SUMIF(Proposta!$A$12:$A$39571,Identificação!$A20,Proposta!$H$12:$H$39571) -> 0
C21: =SUMIF('Orçamento-base'!$A$12:$A$39564,Identificação!$A21,'Orçamento-base'!$K$12:$K$39564) -> 0 | G21: =SUMIF(Proposta!$A$12:$A$39571,Identificação!$A21,Proposta!$H$12:$H$39571) -> 0
C22: =SUMIF('Orçamento-base'!$A$12:$A$39564,Identificação!$A22,'Orçamento-base'!$K$12:$K$39564) -> 0 | G22: =SUMIF(Proposta!$A$12:$A$39571,Identificação!$A22,Proposta!$H$12:$H$39571) -> 0
C23: =SUMIF('Orçamento-base'!$A$12:$A$39564,Identificação!$A23,'Orçamento-base'!$K$12:$K$39564) -> 0 | G23: =SUMIF(Proposta!$A$12:$A$39571,Identificação!$A23,Proposta!$H$12:$H$39571) -> 0
C24: =SUMIF('Orçamento-base'!$A$12:$A$39564,Identificação!$A24,'Orçamento-base'!$K$12:$K$39564) -> 0 | G24: =SUMIF(Proposta!$A$12:$A$39571,Identificação!$A24,Proposta!$H$12:$H$39571) -> 0
C25: =SUMIF('Orçamento-base'!$A$12:$A$39564,Identificação!$A25,'Orçamento-base'!$K$12:$K$39564) -> 0 | G25: =SUMIF(Proposta!$A$12:$A$39571,Identificação!$A25,Proposta!$H$12:$H$39571) -> 0
... C62: =SUMIF('Orçamento-base'!$A$12:$A$39564,Identificação!$A62,'Orçamento-base'!$K$12:$K$39564) -> 0 | G62: =SUMIF(Proposta!$A$12:$A$39571,Identificação!$A62,Proposta!$H$12:$H$39571) -> 0

Sheet Orçamento-base
A1: ORÇAMENTO
A2: Modalidade | C2: =IF(Identificação!B2=0,"",Identificação!B2) -> Concorrência Lei 14.133/21 Eletrônica | H2: N° | I2: =IF(Identificação!E2=0,"",Identificação!E2) | J2: Ano | K2: =IF(Identificação!G2=0,"",Identificação!G2) -> 2026
A3: Descrição do Objeto | C3: =IF(Identificação!B3=0,"",Identificação!B3) -> Contratação de empresa para elaboração de projeto executivo de exaustão mecânica para as cozinhas das EMEIs e EMEFs
A4: Órgão | C4: =IF(Identificação!B4=0,"",Identificação!B4) -> Município de Montenegro | J4: CNPJ | K4: =IF(Identificação!G4=0,"",Identificação!G4)
A5: Tipo de Objeto | C5: =IF(Identificação!B5=0,"",Identificação!B5) -> Obras e Serviços de Engenharia
A6: Preço T. Estimado | C6: =SUMIFS(K12:K39564,B12:B39564,">0",K12:K39564,"<>0") -> 23662.01
A8: Atenção! Para incluir mais de 100 linhas de itens, selecione as células A113 a R113 e arraste as fórmulas para baixo, de acordo com o número de itens necessário.
A9: *Preenchimento obrigatório | F9: **Obrigatório só para Obras e Serviços de Engenharia | H9: ***Obrigatório só para licitação composta por Lotes
A10: Nº do Lote*** | B10: N° Ordem | C10: Nº Item* | D10: Fonte de Referência** | E10: Código de Referência** | F10: Data de Referência** | G10: Descrição do item* | H10: Estimativa | N10: Família | P10: Subfamília | R10: Tipo de Orçamento | S10: Pr. Unit. Material | T10: Pr. Unit. Mão de obra
H11: Qtd.* | I11: Unid.* | J11: Preço unitário (R$)* | K11: Preço Total (R$) | L11: % BDI** | M11: % Encargos Sociais** | N11: Código | O11: Descrição | P11: Código | Q11: Descrição
A12: 1 | B12: =IF(AND(G12<>"",H12>0,I12<>"",J12<>0,K12<>0),COUNT($B$11:B11)+1,"") -> 1 | C12: 1 | D12: Próprio | E12: A | F12: 46174 | G12: Contratação de empresa para elaboração de projeto executivo de exaustão mecânica para as cozinhas das EMEIs e EMEFs | H12: 1 | I12: UN | J12: =IFERROR(IF(S12+T12<>0,ROUND(ROUND(S12,4)+ROUND(T12,4),4),""),"") -> 23662.01 | K12: =IFERROR(IF(H12*J12<>0,ROUND(ROUND(H12,4)*ROUND(J12,4),2),""),"") -> 23662.01 | L12: 0.241 | O12: =IF(N12="","", INDIRECT("base!"&ADDRESS(MATCH(N12,#REF!:#REF!,0)+1,4,4))) | Q12: =IF(P12="","", INDIRECT("base!"&ADDRESS(MATCH(CONCATENATE(N12,"|",P12),#REF!:#REF!,0)+1,6,4))) | R12: Mão-de-obra e material | S12: =TRUNC(U12*(1+L12),2) -> 1032.23 | T12: =TRUNC(V12*(1+L12),2) -> 22629.78 | U12: =19066.9-V12 -> 831.78 | V12: 18235.12
B13: =IF(AND(G13<>"",H13>0,I13<>"",J13<>0,K13<>0),COUNT($B$11:B12)+1,"") | J13: =IFERROR(IF(S13+T13<>0,ROUND(ROUND(S13,4)+ROUND(T13,4),4),""),"") | K13: =IFERROR(IF(H13*J13<>0,ROUND(ROUND(H13,4)*ROUND(J13,4),2),""),"") | O13: =IF(N13="","", INDIRECT("base!"&ADDRESS(MATCH(N13,#REF!:#REF!,0)+1,4,4))) | Q13: =IF(P13="","", INDIRECT("base!"&ADDRESS(MATCH(CONCATENATE(N13,"|",P13),#REF!:#REF!,0)+1,6,4)))
G15: Montenegro, 07 de julho de 2026.
G18: Valéria Wollmann
G19: CAU A195685-0

Sheet Proposta
A1: PROPOSTA
A2: Modalidade | C2: =IF(Identificação!B2=0,"",Identificação!B2) -> Concorrência Lei 14.133/21 Eletrônica | E2: N° | F2: =IF(Identificação!E2=0,"",Identificação!E2) | G2: Ano | H2: =IF(Identificação!G2=0,"",Identificação!G2) -> 2026
A3: Descrição do Objeto | C3: =IF(Identificação!B3=0,"",Identificação!B3) -> Contratação de empresa para elaboração de projeto executivo de exaustão mecânica para as cozinhas das EMEIs e EMEFs
A4: Licitante | G4: CNPJ*
A5: Tipo de Objeto | C5: =IF(Identificação!B5=0,"",Identificação!B5) -> Obras e Serviços de Engenharia
A6: Preço Total Proposto | C6: =SUMIFS(H12:H39571,B12:B39571,">0",H12:H39571,"<>0") -> 0
A7: Atenção! Se existirem itens sem preço proposto, deixe a célula do preço unitário proposto em branco.
A8: Para incluir itens da proposta, selecione as células A13 a K13 e arraste para baixo, de acordo com o número de itens cadastrado na planilha Orçamento-base.
A9: *Campos de preenchimento obrigatório | F9: **Obrigatório só para Obras e Serviços de Engenharia
A10: Nº do lote | B10: Nº Ordem | C10: Nº Item | D10: Descrição do item | E10: Proposta
E11: Qtd. | F11: Unid. | G11: Preço unitário (R$)* | H11: Preço Total (R$) | I11: % BDI** | J11: % Encargos Sociais** | K11: Percentual de Desconto | L11: Pr. Unit. Material | M11: Pr. Unit. Mão de obra
A12: =IF('Orçamento-base'!A12>0,'Orçamento-base'!A12,"") -> 1 | B12: ='Orçamento-base'!B12 -> 1 | C12: =IF('Orçamento-base'!C12>0,'Orçamento-base'!C12,"") -> 1 | D12: =IF('Orçamento-base'!G12>0,'Orçamento-base'!G12,"") -> Contratação de empresa para elaboração de projeto executivo de exaustão mecânica para as cozinhas das EMEIs e EMEFs | E12: =IF('Orçamento-base'!H12>0,'Orçamento-base'!H12,"") -> 1 | F12: =IF('Orçamento-base'!I12>0,'Orçamento-base'!I12,"") -> UN | G12: =IFERROR(IF(L12+M12<>0,ROUND(ROUND(L12,4)+ROUND(M12,4),4),""),"") | H12: =IFERROR(IF(E12*G12<>0,ROUND(ROUND(E12,4)*ROUND(G12,4),2),""),"")
A13: =IF('Orçamento-base'!A13>0,'Orçamento-base'!A13,"") | B13: ='Orçamento-base'!B13 | C13: =IF('Orçamento-base'!C13>0,'Orçamento-base'!C13,"") | D13: =IF('Orçamento-base'!G13>0,'Orçamento-base'!G13,"") | E13: =IF('Orçamento-base'!H13>0,'Orçamento-base'!H13,"") | F13: =IF('Orçamento-base'!I13>0,'Orçamento-base'!I13,"") | G13: =IFERROR(IF(L13+M13<>0,ROUND(ROUND(L13,4)+ROUND(M13,4),4),""),"") | H13: =IFERROR(IF(E13*G13<>0,ROUND(ROUND(E13,4)*ROUND(G13,4),2),""),"")
G14: =IFERROR(IF(L14+M14<>0,ROUND(ROUND(L14,4)+ROUND(M14,4),4),""),"") | H14: =IFERROR(IF(E14*G14<>0,ROUND(ROUND(E14,4)*ROUND(G14,4),2),""),"")
G15: =IFERROR(IF(L15+M15<>0,ROUND(ROUND(L15,4)+ROUND(M15,4),4),""),"") | H15: =IFERROR(IF(E15*G15<>0,ROUND(ROUND(E15,4)*ROUND(G15,4),2),""),"")
G16: =IFERROR(IF(L16+M16<>0,ROUND(ROUND(L16,4)+ROUND(M16,4),4),""),"") | H16: =IFERROR(IF(E16*G16<>0,ROUND(ROUND(E16,4)*ROUND(G16,4),2),""),"")
G17: =IFERROR(IF(L17+M17<>0,ROUND(ROUND(L17,4)+ROUND(M17,4),4),""),"") | H17: =IFERROR(IF(E17*G17<>0,ROUND(ROUND(E17,4)*ROUND(G17,4),2),""),"")
G18: =IFERROR(IF(L18+M18<>0,ROUND(ROUND(L18,4)+ROUND(M18,4),4),""),"") | H18: =IFERROR(IF(E18*G18<>0,ROUND(ROUND(E18,4)*ROUND(G18,4),2),""),"")

Sheet CPUs
C1: Composições Analíticas com Preço Unitário | E1: Bancos
C2: Contratação de empresa para elaboração de projeto executivo de exaustão mecânica para as cozinhas das EMEIs e EMEFs | E2: SINAPI - 05/2026 - Rio Grande do Sul SBC - 06/2026 - Rio Grande do Sul
A3: Composições Analíticas com Preço Unitário
A4: Composições Principais
A5: 1 | B5: Código | C5: Banco | D5: Descrição | E5: Tipo | G5: Und | H5: Quant. | I5: Porcent. | J5: Valor Unit | K5: Total
A6: Composição | B6: A | C6: Próprio | D6: Contratação de empresa para elaboração de projeto executivo de exaustão mecânica para as cozinhas das EMEIs e EMEFs | G6: UN | H6: 1 | J6: 19066.9 | K6: 19066.9
A7: Composição Auxiliar | B7: 90777 | C7: SINAPI | D7: ENGENHEIRO CIVIL DE OBRA JUNIOR COM ENCARGOS COMPLEMENTARES | E7: Livro SINAPI: Cálculos e Parâmetros | G7: H | H7: 42 | I7: 0 | J7: 128.95 | K7: 5415.9
A8: Composição Auxiliar | B8: 01.050.0226-0 | C8: EMOP | D8: PROJETO EXECUTIVO PARA SISTEMA DE EXAUSTAO MECANICA DE COZIN HA,INCLUSIVE PROJETO BASICO,APRESENTADO NOS PADROES DA CONTR ATANTE,COM AREA DE 51 ATE 100M2 9%-DESPESAS ADMINISTRATIVAS E DE MATERIAIS | E8: 1 | G8: UN | H8: 1 | I8: 0 | J8: 2746.81 | K8: 2746.81
A9: Composição Auxiliar | B9: 01.050.0225-A | C9: EMOP | D9: PROJETO EXECUTIVO PARA SISTEMA DE EXAUSTAO MECANICA DE COZIN HA,INCLUSIVE PROJETO BASICO,APRESENTADO NOS PADROES DA CONTR ATANTE COM AREA ATE 50M2 9%-DESPESAS ADMINISTRATIVAS E DE MATERIAIS | E9: 1 | G9: UN | H9: 5 | I9: 0 | J9: 2050.77 | K9: 10253.85
A10: Insumo | B10: ART 2026 | C10: Próprio | D10: Custo Anotação de Responsabilidade Técnica 2026 | E10: Taxas | G10: unid | H10: 6 | I10: 0 | J10: 108.39 | K10: 650.34
F11: MO sem LS => | G11: 18235.12 | J11: MO com LS => | K11: 18235.12
J12: Valor total | K12: 19066.9

Sheet Cronograma
B2: CRONOGRAMA DE EXECUÇÃO
B3: Estado do Rio Grande do Sul
B4: Prefeitura Municipal de Montenegro
B5: Secretaria Municipal de Gestão e Planejamento
B6: OBRA: | C6: ='Orçamento-base'!C3:K3 -> Contratação de empresa para elaboração de projeto executivo de exaustão mecânica para as cozinhas das EMEIs e EMEFs
B8: Item | C8: Descrição dos Serviços | D8: VALOR TOTAL | E8: MÊS 1 | G8: MÊS 2 | I8: MÊS 3
E9: % | F9: VALOR | G9: % | H9: VALOR | I9: % | J9: VALOR
B10: ='[1]Orçamento-base'!C12 -> 1 | C10: ='Orçamento-base'!G12 -> Contratação de empresa para elaboração de projeto executivo de exaustão mecânica para as cozinhas das EMEIs e EMEFs | D10: ='Orçamento-base'!K12 -> 23662.01 | E10: 0.3 | F10: =E10*D10 -> 7098.603 | G10: 0.3 | H10: =TRUNC(D10*G10,2) -> 7098.6 | I10: 0.4 | J10: 9464.81
B11: TOTAL DAS MEDIÇÕES | E11: =SUM(F10:F10) -> 7098.603 | G11: =SUM(H10:H10) -> 7098.6 | I11: =SUM(J10:J10) -> 9464.81
B12: TOTAL DAS MEDIÇÕES ACUMULADAS | E12: =E11 -> 7098.603 | G12: =G11+E11 -> 14197.203 | I12: =I11+G12 -> 23662.013
C15: Valéria Wollmann
C16: Arquiteta e Urbanista | F16: ='[1]Orçamento-base'!G15 -> Montenegro, 07 de julho de 2026.
C17: CAU A195685-0

Sheet Tipo de Objeto x Familia
A1: Tipo de Objeto | B1: Código | C1: Família | D1: apoio1 | E1: apoio2 | F1: Tipo de Objeto | G1: Código Família | H1: Família
A2: Compras | B2: 2 | C2: equipamentos/materiais p/escritorio/escola/artes plasticas | D2: 1 | E2: =IF(A2=$F$2,B2,"") | F2: =IF(Identificação!$B$5=0,"",Identificação!$B$5) -> Obras e Serviços de Engenharia | G2: =IFERROR(SMALL($E$2:$E$250,D2),"") -> 7 | H2: =IFERROR(VLOOKUP(G2,#REF!,2,FALSE),"")
A3: Compras e Outros Serviços | B3: 2 | C3: equipamentos/materiais p/escritorio/escola/artes plasticas | D3: 2 | E3: =IF(A3=$F$2,B3,"") | G3: =IFERROR(SMALL($E$2:$E$250,D3),"") -> 8 | H3: =IFERROR(VLOOKUP(G3,#REF!,2,FALSE),"")
A4: Compras e Outros Serviços | B4: 3 | C4: servicos técnicos: projetos/auditorias/ consultorias/assessorias | D4: 3 | E4: =IF(A4=$F$2,B4,"") | G4: =IFERROR(SMALL($E$2:$E$250,D4),"") -> 9 | H4: =IFERROR(VLOOKUP(G4,#REF!,2,FALSE),"")
A5: Outros Serviços | B5: 3 | C5: servicos técnicos: projetos/auditorias/ consultorias/assessorias | D5: 4 | E5: =IF(A5=$F$2,B5,"") | G5: =IFERROR(SMALL($E$2:$E$250,D5),"") -> 10 | H5: =IFERROR(VLOOKUP(G5,#REF!,2,FALSE),"")
A6: Obras e Serviços de Engenharia | B6: 7 | C6: serviços de engenharia/obras: resíduos sólidos | D6: 5 | E6: =IF(A6=$F$2,B6,"") -> 7 | G6: =IFERROR(SMALL($E$2:$E$250,D6),"") -> 11 | H6: =IFERROR(VLOOKUP(G6,#REF!,2,FALSE),"")
A7: Obras e Serviços de Engenharia | B7: 8 | C7: serviços de engenharia/obras: edificações | D7: 6 | E7: =IF(A7=$F$2,B7,"") -> 8 | G7: =IFERROR(SMALL($E$2:$E$250,D7),"") -> 12 | H7: =IFERROR(VLOOKUP(G7,#REF!,2,FALSE),"")
A8: Obras e Serviços de Engenharia | B8: 9 | C8: serviços de engenharia/obras: rodovias, ferrovias e aeroportos | D8: 7 | E8: =IF(A8=$F$2,B8,"") -> 9 | G8: =IFERROR(SMALL($E$2:$E$250,D8),"") -> 13 | H8: =IFERROR(VLOOKUP(G8,#REF!,2,FALSE),"")
A9: Obras e Serviços de Engenharia | B9: 10 | C9: serviços de engenharia/obras: obras-de-arte-especiais | D9: 8 | E9: =IF(A9=$F$2,B9,"") -> 10 | G9: =IFERROR(SMALL($E$2:$E$250,D9),"") -> 14 | H9: =IFERROR(VLOOKUP(G9,#REF!,2,FALSE),"")
A10: Obras e Serviços de Engenharia | B10: 11 | C10: serviços de engenharia/obras: urbanização | D10: 9 | E10: =IF(A10=$F$2,B10,"") -> 11 | G10: =IFERROR(SMALL($E$2:$E$250,D10),"") -> 15 | H10: =IFERROR(VLOOKUP(G10,#REF!,2,FALSE),"")
A11: Obras e Serviços de Engenharia | B11: 12 | C11: serviços de engenharia/obras: infraestrutura de energia | D11: 10 | E11: =IF(A11=$F$2,B11,"") -> 12 | G11: =IFERROR(SMALL($E$2:$E$250,D11),"") -> 16 | H11: =IFERROR(VLOOKUP(G11,#REF!,2,FALSE),"")
A12: Obras e Serviços de Engenharia | B12: 13 | C12: serviços de engenharia/obras: saneamento | D12: 11 | E12: =IF(A12=$F$2,B12,"") -> 13 | G12: =IFERROR(SMALL($E$2:$E$250,D12),"") -> 17 | H12: =IFERROR(VLOOKUP(G12,#REF!,2,FALSE),"")
A13: Obras e Serviços de Engenharia | B13: 14 | C13: serviços de engenharia/obras: obras portuárias, marítimas e fluviais | D13: 12 | E13: =IF(A13=$F$2,B13,"") -> 14 | G13: =IFERROR(SMALL($E$2:$E$250,D13),"") | H13: =IFERROR(VLOOKUP(G13,#REF!,2,FALSE),"")
A14: Obras e Serviços de Engenharia | B14: 15 | C14: serviços de engenharia/obras: serviços especializados para construção | D14: 13 | E14: =IF(A14=$F$2,B14,"") -> 15 | G14: =IFERROR(SMALL($E$2:$E$250,D14),"") | H14: =IFERROR(VLOOKUP(G14,#REF!,2,FALSE),"")
... A250: Compras e Outros Serviços | B250: 990 | C250: produtos quimicos de limpeza/higiene | D250: 249 | E250: =IF(A250=$F$2,B250,"") | G250: =IFERROR(SMALL($E$2:$E$250,D250),"") | H250: =IFERROR(VLOOKUP(G250,#REF!,2,FALSE),"")
